Cogmind - Beta 12 *** ADVENTURER MODE // 2024.01.04 @ 12:34:15 Player: Amethyst Result: Destroyed by G-67 Veteran with Plasma Rifle Performance ------------- Evolutions (7) 3500 Regions Visited (21) 4200 Robots Destroyed (383) 1915 Value Destroyed (16483) 16483 Prototype IDs (46) 920 Alien Tech Used (0) 0 Bonus (3338) 3338 TOTAL SCORE: 30356 Bonus ------- High Alert Combat Kills 1479 Follower Combat Kills 134 Entered DSFs 500 Aligned with FarCom 300 Met Warlord at Base 500 MAIN.C Attacked Warlord 500 Friendly Fire -75 Cogmind --------- Core Integrity 0/1300 Matter 280/300 Energy 92/100 System Corruption 22% Temperature Cool (0) Movement Core (100) Ox1 Location -3/Research Parts ------- > --- POWER (3) -------- (None) > --- PROPULSION (5) --- (None) > --- UTILITY (8) ------ (None) > --- WEAPON (5) ------- Advanced Remote Datajack > --- INVENTORY (5) ---- (None) Peak State ------------ > --- POWER ------------ Neutrino Core Micro Fission Core Particle Reactor > --- PROPULSION ------- Myomer Leg Advanced VSS Leg Experimental Flexi-carbon Leg Experimental Flexi-carbon Leg Experimental Flexi-carbon Leg > --- UTILITY ---------- Advanced Heat Sink Advanced Cooling System Improved Trap Scanner Experimental Signal Interpreter 0b10 Decoder Chip [Skirmisher] Advanced Target Analyzer Improved Core Shielding System Shield > --- WEAPON ----------- Heavy Wave Gun Heavy Wave Gun Nova Cannon Heavy Gauss Cannon Fusion Bomb Launcher > --- INVENTORY -------- Antimatter Reactor Advanced VSS Leg Advanced Myomer Leg Advanced System Restoration Module Heavy Dispersion Rifle [Rating: 144] Favorites ----------- Power Neutrino Core Engine Light Angular Momentum Engine Power Core Neutrino Core Reactor Light Antimatter Reactor Propulsion Experimental Flexi-carbon Leg Treads Armored Treads Leg Experimental Flexi-carbon Leg Flight Unit Flight Unit Utility Advanced Heat Sink Device Advanced Heat Sink Processor Armor Integrity Analyzer Hackware System Shield Protection Improved Medium Armor Plating Weapon Power Sword Energy Gun Heavy Laser Energy Cannon Disruptor Cannon Ballistic Gun Advanced KE Penetrator Ballistic Cannon Enhanced Gauss Cannon Launcher Proton Missile Launcher Special Weapon Molecular Deconstructor Impact Weapon Great Maul Slashing Weapon Power Sword Piercing Weapon Heavy Pick Special Melee Weapon Advanced Datajack Build | -11 -10 -10 -10 -9 -8 -7 -7 -6 -6 -6 -6 -6 -5 -5 -5 -5 -4 -4 -4 -4 -3 ------- Run | Jun Mat Min Exi Min Mat Fac DSF Fac Ext Cet Arc Hub Fac Upp Upp War Pro Fac Upp Upp Res Slots Evolved 14 | . . . . . 4 2 . 2 . . . . 2 . . . . 2 . . 2 Power 2 | . . . . . 1 . . . . . . . . . . . . 1 . . . Propulsion 3 | . . . . . 1 . . . . . . . 1 . . . . . . . 1 Utility 6 | . . . . . 1 2 . 1 . . . . 1 . . . . . . . 1 Weapon 3 | . . . . . 1 . . 1 . . . . . . . . . 1 . . . Parts Attached 391 | 7 7 4 5 14 55 2 14 14 51 10 6 3 58 16 5 1 14 46 6 . 53 Power 58 | 2 1 2 . 1 10 . 1 1 10 4 1 . 5 2 . 1 . 11 1 . 5 Engine 22 | 2 1 2 . 1 6 . 1 . 3 1 1 . 2 1 . . . 1 . . . Core 25 | . . . . . 4 . . 1 7 2 . . 3 . . 1 . 4 1 . 2 Reactor 11 | . . . . . . . . . . 1 . . . 1 . . . 6 . . 3 Propulsion 70 | 2 2 1 . 2 13 . 5 . 13 1 1 . 6 5 . . 1 8 . . 10 Treads 21 | . . . . . . . 4 . 6 1 1 . 5 2 . . 1 . . . 1 Leg 44 | 2 . . . . 13 . 1 . 7 . . . 1 3 . . . 8 . . 9 Wheel . | . . . . . . . . . . . . . . . . . . . . . . Hover . | . . . . . . . . . . . . . . . . . . . . . . Flight 5 | . 2 1 . 2 . . . . . . . . . . . . . . . . . Utility 116 | 1 2 . 2 3 12 2 4 7 9 3 2 3 21 2 3 . 6 12 2 . 20 Device 75 | 1 . . 2 2 7 2 1 4 5 1 2 . 16 2 2 . 6 5 1 . 16 Storage . | . . . . . . . . . . . . . . . . . . . . . . Processor 15 | . . . . . 1 . . 2 3 . . 1 1 . . . . 4 1 . 2 Hackware 3 | . . . . . . . . . . . . . 2 . . . . 1 . . . Protection 23 | . 2 . . 1 4 . 3 1 1 2 . 2 2 . 1 . . 2 . . 2 Artifact . | . . . . . . . . . . . . . . . . . . . . . . Weapon 147 | 2 2 1 3 8 20 . 4 6 19 2 2 . 26 7 2 . 7 15 3 . 18 Energy Gun 35 | 2 . 1 2 1 5 . 1 1 3 1 1 . 3 2 1 . 3 2 . . 6 Energy Cannon 16 | . . . . . 2 . 1 1 1 . . . 5 2 1 . . 1 1 . 1 Ballistic Gun 34 | . 2 . 1 4 12 . 1 1 7 1 . . . . . . . 1 . . 4 Ballistic Cannon 23 | . . . . . . . 1 2 3 . . . 7 2 . . . 3 . . 5 Launcher 9 | . . . . 2 1 . . 1 1 . . . 1 . . . . 2 . . 1 Special Weapon 6 | . . . . 1 . . . . 1 . . . . . . . 1 2 . . 1 Impact Weapon 1 | . . . . . . . . . 1 . . . . . . . . . . . . Slashing Weapon 14 | . . . . . . . . . 2 . . . 6 1 . . 1 2 2 . . Piercing Weapon 3 | . . . . . . . . . . . . . . . . . 2 1 . . . Special Melee Weapon 6 | . . . . . . . . . . . 1 . 4 . . . . 1 . . . Unidentified Prototypes 23 | . . . 2 1 5 . 1 . . 3 . . 3 . . . 1 2 . . 5 Parts Lost 128 | . . 2 . 1 7 . 2 2 31 4 1 . 7 9 3 1 4 14 1 . 39 Power 25 | . . 1 . 1 2 . . . 5 1 1 . 2 2 . . . 2 1 . 7 Propulsion 27 | . . . . . 1 . . . 8 1 . . . 4 1 . 1 2 . . 9 Utility 37 | . . . . . . . 2 1 6 1 . . 3 . 1 1 2 5 . . 15 Weapon 39 | . . 1 . . 4 . . 1 12 1 . . 2 3 1 . 1 5 . . 8 Highest Loss Streak 17 | . . 1 . 1 3 . 2 2 10 2 1 . 3 6 2 1 4 4 1 . 17 To Critical Strikes 1 | . . . . . . . . . . . . . . . . . . . . . 1 Average Slot Usage (%) 88 | . 93 92 98 95 96 . 85 86 87 87 86 93 87 83 85 87 82 88 99 100 88 Engine 4 | . 13 12 14 13 12 . 3 6 4 2 . 6 3 . 5 3 . . . . . Core 5 | . . . . . 3 . 11 6 7 7 7 6 6 3 . 1 5 5 12 15 7 Reactor 1 | . . . . . . . . . . 1 . . . 1 5 5 5 7 2 . 4 Treads 7 | . . . . . . . 12 20 13 9 11 13 16 9 . . 2 1 . . . Leg 9 | . 14 . . . 26 . 10 . 4 . . . . 3 11 11 6 15 21 21 20 Flight 1 | . 13 28 28 28 . . . . . . . . . . . . . . . . . Device 15 | . 14 14 13 12 12 . 14 15 11 12 13 13 14 17 17 16 23 19 11 15 15 Processor 10 | . . . . . 5 . 7 13 20 15 13 13 11 11 11 11 6 11 13 10 10 Hackware 1 | . . . . . . . . . . . . . 2 5 5 5 . 1 5 5 3 Protection 5 | . 11 14 14 14 8 . 6 3 4 10 13 13 6 5 2 5 5 2 5 5 2 Energy Gun 4 | . 19 8 13 4 . . 1 3 . 2 5 6 2 2 10 11 13 4 . . 6 Energy Cannon 2 | . . . . . 1 . 4 2 . 6 6 6 2 7 5 5 . 1 2 5 3 Ballistic Gun 5 | . 6 14 13 19 23 . 6 . 6 4 6 6 1 . . . . . 5 5 . Ballistic Cannon 5 | . . . . . . . 4 9 8 4 . . 10 6 . . . 4 12 10 5 Slashing Weapon 2 | . . . . . . . . . 1 6 6 6 2 2 5 5 3 4 5 5 1 Naked Turns 11 | . . . . . . . . . . . . . . . . . . . . . 11 Heaviest Build 112 | 9 12 8 7 8 33 38 60 58 59 79 60 54 83 65 55 53 59 96 97 88 112 Greatest Support 131 | 20 20 8 8 8 43 43 60 60 60 100 103 103 131 126 55 35 35 94 92 92 121 Greatest Overweight (x) 4 | . . . . . 1 . 1 . 4 1 . . . 1 1 1 2 2 1 . 1 Average Overweight (x) . | . . . . . . . . . . . . . . . . 1 1 . . . . Largest Inventory Capacity 5 | 5 5 5 5 5 5 5 5 5 5 5 5 5 5 5 5 5 5 5 5 5 5 Average Capacity 5 | 5 5 5 5 5 5 5 5 5 5 5 5 5 5 5 5 5 5 5 5 5 5 Most Carried 5 | 2 3 5 5 5 5 4 5 5 5 5 5 5 5 5 5 5 5 5 5 5 5 Average Carried 4 | . . 3 3 3 4 3 3 4 4 3 4 4 4 3 3 5 4 4 4 5 3 Final Capacity 5 | 5 5 5 5 5 5 5 5 5 5 5 5 5 5 5 5 5 5 5 5 5 5 Final Carried 5 | . 3 3 3 2 5 3 4 5 5 3 4 5 4 2 5 5 5 5 5 5 . Class Distribution -------------------- 22% | Scavenger-Skirmisher 19% | Scavenger-Gunner 11% | Scavenger-Mutant 11% | Hacker-Gunner 10% | Scavenger-Assassin 9% | Skirmisher 6% | Mutant 3% | Derelict-Tank Dominant Class ---------------- Scavenger-Mutant | -10/Materials Scavenger-Mutant | -10/Mines Scavenger-Mutant | -10/Exiles Scavenger-Mutant | -9/Mines Skirmisher | -8/Materials Skirmisher | -7/Factory Scavenger-Skirmisher | -7/DSF Scavenger-Skirmisher | -6/Factory Scavenger-Skirmisher | -6/Extension Scavenger-Gunner | -6/Cetus Scavenger-Gunner | -6/Archives Scavenger-Gunner | -6/Hub_04(d) Scavenger-Gunner | -5/Factory Hacker-Gunner | -5/Upper Caves Hacker-Gunner | -5/Upper Caves Hacker-Gunner | -5/Warlord Derelict-Tank | -4/Proximity Caves Scavenger-Assassin | -4/Factory Scavenger-Assassin | -4/Upper Caves Scavenger-Assassin | -4/Upper Caves Scavenger-Skirmisher | -3/Research Resources | -11 -10 -10 -10 -9 -8 -7 -7 -6 -6 -6 -6 -6 -5 -5 -5 -5 -4 -4 -4 -4 -3 ----------- Run | Jun Mat Min Exi Min Mat Fac DSF Fac Ext Cet Arc Hub Fac Upp Upp War Pro Fac Upp Upp Res Matter Collected 10828 | 270 23 104 . 244 1895 . 346 831 1590 285 99 94 1811 286 45 . 75 1062 458 . 1310 Remotely . | . . . . . . . . . . . . . . . . . . . . . . Salvage Created 16015 | 48 157 150 . 164 2679 . 358 1148 1739 648 490 388 1736 337 504 . 302 2034 205 . 2928 Parts 833 | 3 15 7 . 14 169 . 24 66 87 32 32 17 80 12 14 . 14 104 6 . 137 Haulers Intercepted 13 | . . . . . 5 . . 1 . . . . 3 . . . . 2 . . 2 Recyclers Shooed 18 | . . . . 2 . . . 4 1 . . . 3 . . . . 5 . . 3 Parts Field Recycled . | . . . . . . . . . . . . . . . . . . . . . . Retrieved Matter . | . . . . . . . . . . . . . . . . . . . . . . Parts Self-Destructed 22 | . . . . . . . . . . . . . . 6 5 . 10 . 1 . . Prevented 19 | . . . . . . . . . . . . . . 10 9 . . . . . . Kills | -11 -10 -10 -10 -9 -8 -7 -7 -6 -6 -6 -6 -6 -5 -5 -5 -5 -4 -4 -4 -4 -3 ------- Run | Jun Mat Min Exi Min Mat Fac DSF Fac Ext Cet Arc Hub Fac Upp Upp War Pro Fac Upp Upp Res Combat Hostiles Destroyed 277 | 1 4 5 . 10 50 . 6 19 36 12 4 5 29 9 8 . 6 27 3 . 43 Melee 33 | . . . . . . . . . 10 2 . 3 1 3 1 . 5 6 2 . . Guns 108 | 1 4 5 . 7 42 . 2 2 8 5 2 2 10 1 1 . . 1 . . 15 Cannons 93 | . . . . . . . 4 15 17 5 1 . 16 5 3 . . 11 1 . 15 AOE 30 | . . . . 3 8 . . 2 1 . . . 1 . . . . 4 . . 11 Classes Destroyed 20 | 1 2 . . 2 9 . 3 1 . . . . . . . . 2 . . . . Worker 19 | . . . . . 4 . . 4 1 . . . 5 . . . . 2 . . 3 Builder 24 | . . . . . 5 . . 2 5 . . . 3 . . . . 1 . . 8 Tunneler 4 | . . . . . 3 . . . . . . . 1 . . . . . . . . Hauler 13 | . . . . . 5 . . 1 . . . . 3 . . . . 2 . . 2 Recycler 10 | . . . . 1 1 . . 1 . . . . 1 . . . . 2 . . 4 Mechanic 3 | . . . . . . . . 1 . . . . . . . . . . . . 2 Operator 17 | . . . . . 3 . . 3 . . 4 1 2 . . . . 3 . . 1 Drone 2 | . . . . . . . . . . . . . . . . . 2 . . . . Watcher 21 | . 1 . . . 5 . . 1 2 1 . 2 2 . . . . 3 . . 4 Swarmer 49 | . 2 3 . 7 13 . . 3 6 4 . . . 5 1 . 1 . . . 4 Grunt 105 | 1 2 2 . . 23 . 2 7 16 4 . 3 9 3 3 . 3 11 . . 16 Brawler 3 | . . . . . 1 . . 1 . . . . . . 1 . . . . . . Duelist 2 | . . . . . 1 . . . . . . . 1 . . . . . . . . Sentry 39 | . . . . . 9 . . 1 8 . 4 2 3 1 1 . . 4 1 . 5 Specialist 2 | . . . . . . . 2 . . . . . . . . . . . . . . Hunter 18 | . . . . . 3 . . 2 2 . . . 3 . 2 . . . . . 6 Programmer 44 | . . . . . . . 1 5 . . . . 12 . . . . 12 2 . 12 Heavy 2 | . . . . . . . 1 . . . . . 1 . . . . . . . . Cetus Guard 4 | . . . . . . . . . . 4 . . . . . . . . . . . Samaritan 3 | . . . . . . . . . . . . . . . . . 1 . 2 . . Assembled 3 | . . . . 3 . . . . . . . . . . . . . . . . . Thug 2 | . . . . . . . . . 2 . . . . . . . . . . . . Guerrilla 2 | . . . . . . . . . 2 . . . . . . . . . . . . Best Kill Streak 19 | 1 5 3 . 4 9 . 2 5 6 4 3 5 7 5 3 . 4 9 2 . 19 Combat Bots Only 8 | 1 4 3 . 4 6 . 2 3 5 4 3 4 6 5 3 . 4 6 1 . 8 Max Kills in Single Turn 7 | 1 1 1 . 3 3 . 1 4 2 1 1 2 3 1 1 . 1 2 1 . 7 Gunslinging 1 | . . . . . 1 . . . . . . . . . . . . . . . . Exploded 3 | . . . . 3 3 . . 1 1 . . . 1 . . . . 2 . . 2 Melee 1 | . . . . . . . . . 1 1 . 1 1 1 1 . 1 1 1 . . Uniques/NPCs Destroyed . | . . . . . . . . . . . . . . . . . . . . . . Combat | -11 -10 -10 -10 -9 -8 -7 -7 -6 -6 -6 -6 -6 -5 -5 -5 -5 -4 -4 -4 -4 -3 -------- Run | Jun Mat Min Exi Min Mat Fac DSF Fac Ext Cet Arc Hub Fac Upp Upp War Pro Fac Upp Upp Res Damage Taken 21222 | 8 140 157 . 144 1798 . 396 879 3935 1269 239 117 1764 1260 348 192 290 2192 489 65 5540 Core 3186 | 8 43 24 . 23 212 . . 23 650 101 20 16 97 231 32 42 17 248 72 13 1314 Absorbed by Shields 882 | . . . . . . . . 110 . . . . 129 . . . . 266 . . 377 Redirected to Shielding 109 | . . 4 . 5 . . . . . . . . . . . . . . . . 100 Regen/Repaired (Parts) 488 | . . . . . 270 . . 88 . . . . . . . 130 . . . . . Core Remaining (%) 64 | 96 . . . 60 61 . 100 . . . . 4 . . . . 58 . . 71 . Volleys Fired 875 | 2 12 27 4 19 172 . 21 72 136 22 21 6 106 18 13 . 4 88 9 . 123 Largest 4 | 2 2 2 2 2 3 . 3 3 4 3 3 3 4 4 3 . 3 4 3 . 4 Hottest 350 | 80 80 60 60 60 113 . 115 178 166 189 179 179 255 276 222 . 217 215 212 . 350 Shots Fired 1910 | 4 24 29 8 29 434 . 55 149 249 60 36 18 251 48 30 . 12 162 20 . 292 Gun 1052 | 4 24 29 8 20 416 . 41 27 118 21 25 12 73 5 16 . 9 49 4 . 151 Cannon 754 | . . . . . 7 . 14 117 101 39 11 6 171 43 14 . 3 90 16 . 122 Launcher 60 | . . . . 4 11 . . 5 4 . . . 7 . . . . 11 . . 18 Special 44 | . . . . 5 . . . . 26 . . . . . . . . 12 . . 1 Kinetic 1211 | . . 27 4 11 412 . 43 92 195 32 21 6 178 20 . . . 74 16 . 80 Thermal 355 | 2 12 . 4 14 6 . . . 50 6 4 6 27 . 3 . 5 19 4 . 193 Explosive 51 | . . . . 4 11 . . . . . . . 7 . . . . 11 . . 18 Electromagnetic 280 | 2 12 2 . . 5 . 12 57 4 22 11 6 39 28 27 . 7 46 . . . Robot Hit Streak 25 | 3 4 12 . 15 25 . 15 24 18 18 18 9 20 13 21 . 2 13 8 . 16 Robot Miss Streak 6 | . 4 5 . 1 5 . 1 3 5 2 3 2 3 3 3 . 6 2 1 . 3 Penetration Max 1 | . . . . . 1 . . . 1 . 1 1 1 . . . . 1 . . . Secondary Targets 9 | . . . . 2 7 . . . . . . . . . . . . . . . . Max Gunslinging Chain 1 | . . . . 1 1 . . . . . . . . . . . . . . . . Shots Hit Robots 1371 | 3 13 18 . 14 284 . 42 101 176 51 33 21 193 47 33 . 14 122 24 1 181 Core Hits 737 | 1 7 10 . 15 143 . 13 36 119 22 14 11 72 15 12 . 9 74 7 1 156 Critical Kills 24 | . . . . . 1 . . . 1 7 3 1 7 . . . . . . . 4 Critical Parts Destroyed 18 | . . . . . 2 . . . 1 7 1 1 3 . . . . . . . 3 Critical Strikes 151 | 1 . . . . 3 . . 9 18 20 5 3 38 8 5 . . 17 4 . 20 Burn 13 | . . . . . . . . . 1 1 1 . 1 . 1 . . . . . 8 Meltdown 1 | . . . . . . . . . . . . . . . . . . . . . 1 Destroy 41 | . . . . . 3 . . . 2 14 4 2 10 . . . . . . . 6 Blast 62 | . . . . . . . . 8 11 . . . 22 3 . . . 12 4 . 2 Corrupt 12 | 1 . . . . . . . 1 . 3 . 1 2 1 3 . . . . . . Sever 21 | . . . . . . . . . 4 2 . . 3 4 1 . . 4 . . 3 Impale 1 | . . . . . . . . . . . . . . . . . . 1 . . . Melee Attacks 159 | . . . . . . . . . 26 12 5 8 22 17 9 . 16 25 9 1 9 Impact 1 | . . . . . . . . . 1 . . . . . . . . . . . . Slashing 140 | . . . . . . . . . 25 12 3 8 10 17 9 . 15 22 9 1 9 Piercing 4 | . . . . . . . . . . . . . . . . . 1 3 . . . Sneak Attacks 31 | . . . . . . . . . 6 . 4 1 13 . . . 2 1 3 . 1 Combat Hostiles 2 | . . . . . . . . . . . . 1 . . . . . . . . 1 Follow-up Attacks 3 | . . . . . . . . . . . . . . . . . . 3 . . . Damage Inflicted 45431 | 38 177 153 . 394 5085 . 991 4296 5412 1445 945 764 6141 1407 931 . 684 4931 1029 36 10572 Guns 13921 | 38 177 153 . 129 4097 . 511 366 1570 273 449 227 1523 42 264 . 84 913 84 . 3021 Cannons 17280 | . . . . . 126 . 480 3212 2267 742 214 138 3734 703 360 . 56 1949 502 . 2797 Explosions 7884 | . . . . 258 862 . . 708 283 . . . 471 . . . . 1139 . . 4163 Melee 6101 | . . . . . . . . . 1291 430 282 399 413 662 307 . 544 930 443 36 364 Ramming 238 | . . . . . . . . 10 1 . . . . . . . . . . . 227 Kinetic 20838 | . . 142 . 28 4036 . 819 2752 3469 491 413 131 4338 505 . . . 1589 509 . 1616 Thermal 6651 | 10 66 . . 108 143 . . 452 368 60 36 96 530 . 39 . 44 420 77 . 4202 Explosive 6900 | . . . . 258 809 . . 106 . . . . 425 . . . . 1139 . . 4163 Electromagnetic 4703 | 28 111 11 . . 97 . 172 976 283 464 214 138 435 240 585 . 96 853 . . . Impact 53 | . . . . . . . . . 53 . . . . . . . . . . . . Slashing 5949 | . . . . . . . . . 1238 430 282 399 413 662 307 . 544 831 443 36 364 Piercing 99 | . . . . . . . . . . . . . . . . . . 99 . . . Highest Corruption 22 | . . . . . . . . . 3 3 3 . 2 1 1 1 . 9 11 11 22 Average Corruption 3 | . . . . . . . . . 2 3 2 . 1 1 1 1 . 5 10 11 4 Corruption Purged 16 | . . . . . . . . . . . 3 . 3 . . . . . . . 10 Corruption Blocked . | . . . . . . . . . . . . . . . . . . . . . . Effects 131 | . . . . . . . . . 19 8 1 . 2 5 6 1 . 26 26 4 33 Message Errors 27 | . . . . . . . . . 8 2 . . . 1 1 1 . 4 7 . 3 Matter Fused 32 | . . . . . . . . . 4 2 . . . 1 . . . 11 10 . 4 Heat Flow Errors 22 | . . . . . . . . . 3 . . . 1 . 2 . . 3 3 2 8 Energy Discharges 13 | . . . . . . . . . 1 2 . . . . 1 . . 3 1 1 4 Parts Rejected 3 | . . . . . . . . . 1 1 . . . . . . . 1 . . . Parts Fused 1 | . . . . . . . . . . . . . . . . . . . 1 . . Data Loss (minor) 16 | . . . . . . . . . 1 . . . . 3 1 . . 2 4 . 5 Data Loss (major) 5 | . . . . . . . . . . . . . . . 1 . . . . . 4 Misfires 6 | . . . . . . . . . 1 . 1 . 1 . . . . 1 . . 2 Alerts 3 | . . . . . . . . . . 1 . . . . . . . . . 1 1 Weapon Failures 3 | . . . . . . . . . . . . . . . . . . 1 . . 2 Overload Shots . | . . . . . . . . . . . . . . . . . . . . . . Overflow Damage 1679 | . . . . 17 26 . 58 314 175 . 160 44 190 45 . . 114 117 76 . 343 Projectiles 930 | . . . . . . . 58 259 128 . . 19 156 12 . . 16 53 48 . 181 Explosions 323 | . . . . 17 26 . . 55 . . . . 28 . . . . 35 . . 162 Melee 426 | . . . . . . . . . 47 . 160 25 6 33 . . 98 29 28 . . Knockbacks 87 | . . . . . . . 2 10 12 . . . 27 5 . . . 5 6 . 20 Impact 4 | . . . . . . . . . . . . . . . . . . . . . 4 Kinetic 80 | . . . . . . . 2 9 12 . . . 26 5 . . . 5 6 . 15 Secondary 3 | . . . . . . . . 1 . . . . 1 . . . . . . . 1 Self-Inflicted Damage 387 | . . . . 32 76 . . 94 . . . . . . . . . 97 . . 88 Shots 10 | . . . . 1 2 . . 2 . . . . . . . . . 2 . . 3 Rammed 19 | . . . . . . . . 1 2 . . . . . . . . . . . 16 Targets Rammed 58 | . . . . . . . . 1 2 . . . . . . . . . . . 55 Kicked 39 | . . . . . . . . . . . . . . . . . . . . . 39 Crushed . | . . . . . . . . . . . . . . . . . . . . . . Highest Temperature 655 | 42 33 8 6 62 463 . 58 406 405 359 443 238 479 198 183 . 114 321 510 137 655 Average Temperature 126 | 22 19 4 4 21 128 . 31 132 143 104 190 96 113 92 74 . 59 78 182 83 171 Received Heat Transfer 5657 | 6 57 54 . . 1053 . 81 228 1215 493 9 69 423 408 99 9 72 356 63 . 962 Effects 85 | . . . . . 18 . . 4 6 . 4 . 9 . . . . . 8 . 36 Shutdowns 30 | . . . . . 6 . . 2 1 . 1 . 4 . . . . . 4 . 12 Energy Bleed 10 | . . . . . 3 . . 1 2 . . . 1 . . . . . 2 . 1 Interference 26 | . . . . . 3 . . . 3 . . . 2 . . . . . 2 . 16 Matter Decay 3 | . . . . . 1 . . . . . . . 1 . . . . . . . 1 Short Circuit 6 | . . . . . 4 . . 1 . . . . . . . . . . . . 1 Damage (minor) 5 | . . . . . 1 . . . . . . . 1 . . . . . . . 3 Damage (major) 5 | . . . . . . . . . . . 3 . . . . . . . . . 2 Siege Activations . | . . . . . . . . . . . . . . . . . . . . . . Robots Corrupted 9 | . . . . . . . . 2 . . 1 . 1 . 3 . 1 1 . . . Combat Hostiles 6 | . . . . . . . . . . . 1 . . . 3 . 1 1 . . . Parts Fried 18 | . . . . . . . 1 4 . 1 1 . 2 . 7 . . 2 . . . Impact Corruptions 1 | . . . . . . . . 1 . . . . . . . . . . . . . Robots Melted 3 | . . . . . . . . . . . . . 1 . . . . . . . 2 Combat Hostiles 3 | . . . . . . . . . . . . . 1 . . . . . . . 2 Parts Melted 19 | . . . . . . . . . 1 . . . 5 . 1 . . . . . 12 Heat Transferred 9489 | 25 150 . . 275 285 . . 300 777 185 148 185 1091 . 148 . 74 481 74 . 5291 Parts Sabotaged 3 | . . . . . . . . . . . . . . . . . . . . . 3 Parts Stolen . | . . . . . . . . . . . . . . . . . . . . . . Parts Stripped . | . . . . . . . . . . . . . . . . . . . . . . Power Chain Reactions 5 | . . . . . 1 . . 3 . . . . 1 . . . . . . . . Missiles Intercepted . | . . . . . . . . . . . . . . . . . . . . . . Alert | -11 -10 -10 -10 -9 -8 -7 -7 -6 -6 -6 -6 -6 -5 -5 -5 -5 -4 -4 -4 -4 -3 ------- Run | Jun Mat Min Exi Min Mat Fac DSF Fac Ext Cet Arc Hub Fac Upp Upp War Pro Fac Upp Upp Res Peak Influence 1127 | 20 118 125 . 239 749 202 257 262 237 276 190 112 237 . . . . 778 . . 1127 Initial 750 | . 11 1 . . 78 202 126 116 34 1 25 55 46 . . . . 750 . . . Average 245 | 3 74 91 . 123 446 202 183 73 88 135 144 67 98 . . . . 542 . . 543 Maximum Alert Level 4 | . . . . 1 3 1 1 1 1 1 . . 1 . . . . 3 . . 4 Low Security (%) 62 | 100 100 100 . 54 5 . 84 94 94 74 100 100 93 . . . . 5 . . 25 Level 1 13 | . . . . 45 36 100 15 5 5 25 . . 6 . . . . 15 . . 14 Level 2 16 | . . . . . 54 . . . . . . . . . . . . 48 . . 26 Level 3 6 | . . . . . 2 . . . . . . . . . . . . 30 . . 27 Level 4 . | . . . . . . . . . . . . . . . . . . . . . 6 Level 5 . | . . . . . . . . . . . . . . . . . . . . . . High Security . | . . . . . . . . . . . . . . . . . . . . . . Max Security . | . . . . . . . . . . . . . . . . . . . . . . Sterilizations 1 | . . . . . 1 . . . . . . . . . . . . . . . . Squads Dispatched 55 | . . . . . 11 . 1 9 5 . . 3 11 . . . . 6 . . 9 Investigation 11 | . . . . . 4 . . 2 2 . . 1 2 . . . . . . . . Extermination 17 | . . . . . . . . 4 . . . . 5 . . . . 5 . . 3 Reinforcement 19 | . . . . . 4 . 1 3 3 . . . 3 . . . . 1 . . 4 Assault 3 | . . . . . 1 . . . . . . . . . . . . . . . 2 Garrison 5 | . . . . . 2 . . . . . . 2 1 . . . . . . . . Intercept . | . . . . . . . . . . . . . . . . . . . . . . Searches Triggered 3 | . . . . . . . . . . . . . . . . . . 3 . . . Construction Impeded 9 | . . . . . 1 . . 2 3 . . . 1 . . . . 1 . . 1 Haulers Reinforced 1 | . . . . . . . . . . . . . . . . . . . . . 1 Active Scanning Responses . | . . . . . . . . . . . . . . . . . . . . . . Cargo Convoy Interrupts . | . . . . . . . . . . . . . . . . . . . . . . Stealth | -11 -10 -10 -10 -9 -8 -7 -7 -6 -6 -6 -6 -6 -5 -5 -5 -5 -4 -4 -4 -4 -3 --------- Run | Jun Mat Min Exi Min Mat Fac DSF Fac Ext Cet Arc Hub Fac Upp Upp War Pro Fac Upp Upp Res Distress Signals 13 | . 1 . . . . . . . 2 2 . 1 1 . . . . 2 . . 4 Communications Jammed . | . . . . . . . . . . . . . . . . . . . . . . Distress Signals . | . . . . . . . . . . . . . . . . . . . . . . Times Spotted 407 | 1 6 6 . 22 68 . 6 28 49 13 13 10 37 12 10 6 10 34 3 6 67 Peak Tracking Total 16 | 1 5 3 . 16 6 . 2 3 5 5 2 3 4 5 5 9 5 5 2 7 9 Tactical Retreats 35 | . . 1 . . 4 . . 4 9 1 . . 2 2 2 . 1 3 . . 6 Traps | -11 -10 -10 -10 -9 -8 -7 -7 -6 -6 -6 -6 -6 -5 -5 -5 -5 -4 -4 -4 -4 -3 ------- Run | Jun Mat Min Exi Min Mat Fac DSF Fac Ext Cet Arc Hub Fac Upp Upp War Pro Fac Upp Upp Res Traps Triggered 9 | . 1 . . . . . 2 3 2 . . . . . . . . 1 . . . Indirectly 2 | . . . . . . . . . 2 . . . . . . . . . . . . Trap Hack Attempts . | . . . . . . . . . . . . . . . . . . . . . . Triggered . | . . . . . . . . . . . . . . . . . . . . . . Disarmed 10 | . . . . . . . . 6 4 . . . . . . . . . . . . Reprogrammed 3 | . . . . . 3 . . . . . . . . . . . . . . . . Reused . | . . . . . . . . . . . . . . . . . . . . . . Traps Reconfigurated 2 | . . . . . 2 . . . . . . . . . . . . . . . . Traps Extracted . | . . . . . . . . . . . . . . . . . . . . . . Installed . | . . . . . . . . . . . . . . . . . . . . . . Triggered 14 | . . . . . . . . 2 1 . . . . 1 . 10 . . . . . Machines | -11 -10 -10 -10 -9 -8 -7 -7 -6 -6 -6 -6 -6 -5 -5 -5 -5 -4 -4 -4 -4 -3 ---------- Run | Jun Mat Min Exi Min Mat Fac DSF Fac Ext Cet Arc Hub Fac Upp Upp War Pro Fac Upp Upp Res Machines Disabled 44 | . . . . 4 7 . 1 4 1 4 3 . 10 . . . 1 5 . . 4 Max in Single Turn 4 | . . . . 4 3 . 1 2 1 1 1 . 2 . . . 1 1 . . 1 Garrison Access 3 | . . . . . 1 . . . . . . . . . . . . 1 . . 1 Machines Repaired . | . . . . . . . . . . . . . . . . . . . . . . Machines Sabotaged . | . . . . . . . . . . . . . . . . . . . . . . Overloaded Fab Kills . | . . . . . . . . . . . . . . . . . . . . . . Hacking | -11 -10 -10 -10 -9 -8 -7 -7 -6 -6 -6 -6 -6 -5 -5 -5 -5 -4 -4 -4 -4 -3 --------- Run | Jun Mat Min Exi Min Mat Fac DSF Fac Ext Cet Arc Hub Fac Upp Upp War Pro Fac Upp Upp Res Machines Accessed 67 | . 2 . 4 2 12 1 . 8 9 1 1 3 7 . . 5 . 7 1 . 4 Terminals 44 | . 2 . . 1 8 1 . 6 9 1 . 3 5 . . . . 5 1 . 2 Fabricators 3 | . . . . . . . . . . . . . 2 . . . . 1 . . . Repair Stations 4 | . . . . . 2 . . 1 . . . . . . . . . . . . 1 Recycling Units 1 | . . . . . . . . 1 . . . . . . . . . . . . . Scanalyzers 1 | . . . . . 1 . . . . . . . . . . . . . . . . Garrison Access 3 | . . . . . 1 . . . . . . . . . . . . 1 . . 1 Total Hacks 188 | . 7 . 40 6 35 1 . 21 18 1 8 7 14 . . 5 . 14 1 . 10 Successful 122 | . 4 . 40 3 20 1 . 11 10 1 8 5 7 . . 5 . 5 1 . 1 Failed 66 | . 3 . . 3 15 . . 10 8 . . 2 7 . . . . 9 . . 9 Catastrophic 11 | . . . . . 2 . . 2 . . . . 1 . . . . 4 . . 2 Database Lockouts . | . . . . . . . . . . . . . . . . . . . . . . Manual 5 | . . . 1 . . . . 1 . . 1 . . . . 1 1 . . . . Terminals 100 | . 7 . . 5 23 1 . 12 18 1 . 7 10 . . . . 10 1 . 5 Fabricators 6 | . . . . . . . . . . . . . 4 . . . . 2 . . . Repair Stations 12 | . . . . . 7 . . 4 . . . . . . . . . . . . 1 Recycling Units 5 | . . . . . . . . 5 . . . . . . . . . . . . . Scanalyzers 2 | . . . . . 2 . . . . . . . . . . . . . . . . Garrison Access 9 | . . . . . 3 . . . . . . . . . . . . 2 . . 4 Terminal Hacks 105 | . 4 . 40 3 12 1 . 5 10 1 8 5 5 . . 5 . 4 1 . 1 Record 58 | . . . 39 . 2 . . . . 1 8 1 1 . . 4 . 1 1 . . Prototype ID Bank 1 | . 1 . . . . . . . . . . . . . . . . . . . . Open Door 6 | . . . . 1 . . . . 4 . . . . . . 1 . . . . . Open DSF 5 | . . . . . . 1 . 2 . . . . 1 . . . . 1 . . . Branch Access Points 1 | . . . . . 1 . . . . . . . . . . . . . . . . Emergency Access Points 1 | . . . . . . . . . . . . 1 . . . . . . . . . Unreport Threat 4 | . 1 . . . 1 . . 1 . . . 1 . . . . . . . . . Locate Traps 3 | . . . . . . . . 1 . . . . 1 . . . . . . . 1 Disarm Traps 2 | . . . . . . . . 1 1 . . . . . . . . . . . . Reprogram Traps 1 | . . . . . 1 . . . . . . . . . . . . . . . . Dispatch Records 2 | . . . . . 1 . . . 1 . . . . . . . . . . . . Security Status 1 | . . . . . 1 . . . . . . . . . . . . . . . . Surveillance Status 1 | . 1 . . . . . . . . . . . . . . . . . . . . Transport Status 1 | . . . . . 1 . . . . . . . . . . . . . . . . Reinforcement Status 2 | . . . . . . . . . 1 . . 1 . . . . . . . . . Assault Status 1 | . . . . . . . . . 1 . . . . . . . . . . . . Recall Investigation 3 | . . . . 1 1 . . . . . . . 1 . . . . . . . . Registered Components 2 | . . . . . 1 . . . 1 . . . . . . . . . . . . Zone Layout 9 | . 1 . . 1 2 . . . 1 . . 1 1 . . . . 2 . . . EX-Prototype ID Bank 1 | . . . 1 . . . . . . . . . . . . . . . . . . Fabricator Hacks 2 | . . . . . . . . . . . . . 2 . . . . . . . . Network Status 2 | . . . . . . . . . . . . . 2 . . . . . . . . Repair Station Hacks 11 | . . . . . 7 . . 4 . . . . . . . . . . . . . Scan Component 6 | . . . . . 4 . . 2 . . . . . . . . . . . . . Repair 5 | . . . . . 3 . . 2 . . . . . . . . . . . . . Recycling Unit Hacks 2 | . . . . . . . . 2 . . . . . . . . . . . . . Retrieve Matter 2 | . . . . . . . . 2 . . . . . . . . . . . . . Scanalyzer . | . . . . . . . . . . . . . . . . . . . . . . Garrison Access Hacks 2 | . . . . . 1 . . . . . . . . . . . . 1 . . . Seal Access 2 | . . . . . 1 . . . . . . . . . . . . 1 . . . Unauthorized Hacks . | . . . . . . . . . . . . . . . . . . . . . . Terminals . | . . . . . . . . . . . . . . . . . . . . . . Fabricators . | . . . . . . . . . . . . . . . . . . . . . . Repair Stations . | . . . . . . . . . . . . . . . . . . . . . . Recycling Units . | . . . . . . . . . . . . . . . . . . . . . . Scanalyzers . | . . . . . . . . . . . . . . . . . . . . . . Garrison Access . | . . . . . . . . . . . . . . . . . . . . . . Data Cores Recovered 8 | . . . . . 2 . . 2 . . . 1 1 . . . . 2 . . . Used 3 | . . . . . . . . . . . . . 1 . . . . 2 . . . Hacking Detections 36 | . 2 . . . 8 1 . 5 5 . . 1 5 . . . . 5 . . 4 Full Trace Events 10 | . . . . . 4 . . 1 2 . . 1 2 . . . . . . . . Feedback Events . | . . . . . . . . . . . . . . . . . . . . . . Feedback Blocked . | . . . . . . . . . . . . . . . . . . . . . . Robot Schematics Acquired . | . . . . . . . . . . . . . . . . . . . . . . Robots Built . | . . . . . . . . . . . . . . . . . . . . . . Authchips . | . . . . . . . . . . . . . . . . . . . . . . Time . | . . . . . . . . . . . . . . . . . . . . . . Total Robot Build Rating . | . . . . . . . . . . . . . . . . . . . . . . Part Schematics Acquired . | . . . . . . . . . . . . . . . . . . . . . . Parts Built . | . . . . . . . . . . . . . . . . . . . . . . Authchips . | . . . . . . . . . . . . . . . . . . . . . . Time . | . . . . . . . . . . . . . . . . . . . . . . Total Part Build Rating . | . . . . . . . . . . . . . . . . . . . . . . Parts Repaired 5 | . . . . . 3 . . 2 . . . . . . . . . . . . . Time 184 | . . . . . 108 . . 76 . . . . . . . . . . . . . Parts Recycled . | . . . . . . . . . . . . . . . . . . . . . . Recycled Matter . | . . . . . . . . . . . . . . . . . . . . . . Retrieved Matter . | . . . . . . . . . . . . . . . . . . . . . . Retrieved Components . | . . . . . . . . . . . . . . . . . . . . . . Parts Scanalyzed . | . . . . . . . . . . . . . . . . . . . . . . Part Schematics Acquired . | . . . . . . . . . . . . . . . . . . . . . . Parts Damaged . | . . . . . . . . . . . . . . . . . . . . . . Bothacking | -11 -10 -10 -10 -9 -8 -7 -7 -6 -6 -6 -6 -6 -5 -5 -5 -5 -4 -4 -4 -4 -3 ------------ Run | Jun Mat Min Exi Min Mat Fac DSF Fac Ext Cet Arc Hub Fac Upp Upp War Pro Fac Upp Upp Res Used RIF Installer . | . . . . . . . . . . . . . . . . . . . . . . Robots Hacked 10 | . . . . . . . . . . . 1 . 8 . . . . . . . 1 Non-combat 9 | . . . . . . . . . . . 1 . 8 . . . . . . . . Combat 1 | . . . . . . . . . . . . . . . . . . . . . 1 Robot Hacks Applied 15 | . . . . . . . . . . . 2 . 12 . . . . . . . 1 parse_system 4 | . . . . . . . . . . . 1 . 2 . . . . . . . 1 no_distress 9 | . . . . . . . . . . . . . 9 . . . . . . . . find_chute 1 | . . . . . . . . . . . . . 1 . . . . . . . . check_alert 1 | . . . . . . . . . . . 1 . . . . . . . . . . Relay Couplers Released 3 | . . . . . . . . . . . . . . . . . . 3 . . . Programmers 3 | . . . . . . . . . . . . . . . . . . 3 . . . Fabnet Peak Effective % . | . . . . . . . . . . . . . . . . . . . . . . Robots Rewired . | . . . . . . . . . . . . . . . . . . . . . . Allies Hacked . | . . . . . . . . . . . . . . . . . . . . . . Hacks Repelled . | . . . . . . . . . . . . . . . . . . . . . . Allies | -11 -10 -10 -10 -9 -8 -7 -7 -6 -6 -6 -6 -6 -5 -5 -5 -5 -4 -4 -4 -4 -3 -------- Run | Jun Mat Min Exi Min Mat Fac DSF Fac Ext Cet Arc Hub Fac Upp Upp War Pro Fac Upp Upp Res Total Allies 12 | . . 3 . . . . . . 9 . . . . . . . . . . . . Largest Group 4 | . . 3 . . . . . . 4 . . . . . . . . . . . . Highest-Rated Group 96 | . . 40 . . . . . . 96 . . . . . . . . . . . . Highest-Rated Ally 31 | . . 16 . . . . . . 31 . . . . . . . . . . . . Total Orders 1 | . . . . . 1 . . . . . . . . . . . . . . . . RETURN 1 | . . . . . 1 . . . . . . . . . . . . . . . . Ally Attacks 60 | . . . . . 25 . . . 35 . . . . . . . . . . . . Total Damage 909 | . . . . . 117 . . . 792 . . . . . . . . . . . . Kills 4 | . . . . . . . . . 4 . . . . . . . . . . . . Allies Corrupted . | . . . . . . . . . . . . . . . . . . . . . . Allies Melted . | . . . . . . . . . . . . . . . . . . . . . . Intel | -11 -10 -10 -10 -9 -8 -7 -7 -6 -6 -6 -6 -6 -5 -5 -5 -5 -4 -4 -4 -4 -3 ------- Run | Jun Mat Min Exi Min Mat Fac DSF Fac Ext Cet Arc Hub Fac Upp Upp War Pro Fac Upp Upp Res Robot Analysis Total . | . . . . . . . . . . . . . . . . . . . . . . Derelict Logs Recovered 9 | . . 1 . 2 . . . . . . . . . 1 1 . 2 . 1 1 . Drone Launches 5 | . . . . . 5 . . . . . . . . . . . . . . . . Drone Recoveries 4 | . . . . . 4 . . . . . . . . . . . . . . . . Decoded 0b10 Intel 27 | . . . . . . . . . . . . . . . . . . . . . 27 Garrisons 1 | . . . . . . . . . . . . . . . . . . . . . 1 Patrols 7 | . . . . . . . . . . . . . . . . . . . . . 7 Reinforcements 6 | . . . . . . . . . . . . . . . . . . . . . 6 Guards 13 | . . . . . . . . . . . . . . . . . . . . . 13 Exploration | -11 -10 -10 -10 -9 -8 -7 -7 -6 -6 -6 -6 -6 -5 -5 -5 -5 -4 -4 -4 -4 -3 ------------- Run | Jun Mat Min Exi Min Mat Fac DSF Fac Ext Cet Arc Hub Fac Upp Upp War Pro Fac Upp Upp Res Turns Passed 22014 | 98 181 191 378 351 2582 7 252 2622 2210 420 362 244 3140 754 887 992 1958 1695 905 56 1729 Spaces Moved 13016 | 70 229 337 955 779 1609 5 103 1310 942 174 180 87 1583 418 440 508 726 854 717 60 930 Core 39 | 21 . . . . . . . . 5 . . . . . . . . . . . 13 Treads 4818 | . . . . . . . 63 1310 699 174 180 87 1583 281 . . 288 153 . . . Legs 5859 | 49 43 . . . 1566 5 40 . 238 . . . . 137 440 508 438 701 717 60 917 Wheels . | . . . . . . . . . . . . . . . . . . . . . . Hover . | . . . . . . . . . . . . . . . . . . . . . . Flight 2300 | . 186 337 955 779 43 . . . . . . . . . . . . . . . . Fastest Speed 34 | 50 37 37 37 34 34 120 120 170 100 160 160 160 160 120 120 190 190 90 90 90 50 Average Speed 133 | 99 52 37 37 34 111 120 154 170 165 168 160 160 160 148 183 190 258 146 115 90 113 Slowest Speed 330 | 120 120 37 37 37 190 120 250 170 330 240 160 160 160 240 190 190 320 320 170 90 175 Overloaded Moves . | . . . . . . . . . . . . . . . . . . . . . . Propulsion Burnouts . | . . . . . . . . . . . . . . . . . . . . . . Robots Hopped 7 | . 1 . . 6 . . . . . . . . . . . . . . . . . Cave-ins Triggered 3 | . . . . . . . . . 2 . . . . . . . . 1 . . . Exploration Rate (%) 56 | 9 35 73 94 97 88 . 81 24 78 64 91 9 26 65 66 71 92 17 69 7 23 Regions Visited 21 Branch Regions 13 Pre-discovered Areas 3 | . . 1 1 . . . . . . . . . . . 1 . . . . . . Known Exits Taken 10 | . . . . . 1 1 . 1 1 . . 1 . 1 . . 1 1 1 1 . Unknown Exits Taken 10 | 1 1 1 1 1 . . . . . 1 1 . 1 . 1 1 . . . . . Scrap Searched 14 | . . . . 2 . . . . . . . . . 2 3 . 3 . 4 . . Spaces Dug 55 | . . . . . . . . 4 17 . . . 5 . . . . 21 . . 8 Terrain Destroyed 830 | . . . . 42 113 . 2 92 44 6 3 3 127 9 . . . 169 4 . 216 Melee . | . . . . . . . . . . . . . . . . . . . . . . Projectile 274 | . . . . . . . 2 35 44 6 3 3 68 9 . . . 48 4 . 52 AOE 556 | . . . . 42 113 . . 57 . . . . 59 . . . . 121 . . 164 Terrain Rammed . | . . . . . . . . . . . . . . . . . . . . . . Walls Destroyed . | . . . . . . . . . . . . . . . . . . . . . . Machines Disabled . | . . . . . . . . . . . . . . . . . . . . . . Actions | -11 -10 -10 -10 -9 -8 -7 -7 -6 -6 -6 -6 -6 -5 -5 -5 -5 -4 -4 -4 -4 -3 --------- Run | Jun Mat Min Exi Min Mat Fac DSF Fac Ext Cet Arc Hub Fac Upp Upp War Pro Fac Upp Upp Res Total 15867 | 94 265 378 973 829 2122 6 162 1549 1311 237 218 167 1969 484 479 535 774 1108 764 60 1383 Wait 821 | 8 5 7 . 7 184 . . 122 86 1 . 55 126 5 6 27 . 34 . . 148 Move 12980 | 69 226 336 954 766 1608 4 102 1309 941 173 179 86 1582 417 439 507 725 852 716 59 930 Hop 7 | . 1 . . 6 . . . . . . . . . . . . . . . . . Pick Up 354 | 7 10 3 5 8 56 . 12 20 51 10 5 5 42 9 6 . 10 41 13 . 41 Fast Attach . | . . . . . . . . . . . . . . . . . . . . . . Attach 220 | 6 6 2 4 4 30 2 7 10 39 5 2 1 20 10 2 . 6 26 4 . 34 Detach 15 | . 1 . . 1 5 . 1 . 1 . . . 1 . . . . 3 . . 2 Swap 173 | 1 1 2 1 10 25 . 7 4 12 5 4 2 39 6 3 1 8 20 2 . 20 Drop 208 | 1 3 1 5 8 42 . 12 11 17 9 2 4 31 2 1 . 6 21 11 . 21 Fire 875 | 2 12 27 4 19 172 . 21 72 136 22 21 6 106 18 13 . 4 88 9 . 123 Melee 155 | . . . . . . . . . 26 12 5 8 22 17 9 . 15 22 9 1 9 Ram 16 | . . . . . . . . . . . . . . . . . . . . . 16 Kick 39 | . . . . . . . . . . . . . . . . . . . . . 39 Crush 3 | . . . . . . . . 1 2 . . . . . . . . . . . . Escape Stasis 1 | . . . . . . . . . . . . . . . . . . 1 . . . Rewire . | . . . . . . . . . . . . . . . . . . . . . . Trap . | . . . . . . . . . . . . . . . . . . . . . . Miscellaneous . | . . . . . . . . . . . . . . . . . . . . . . Route ------- -11/Junkyard -10/Materials (discovered 2 exits: [*Mat] / [*Min]) -10/Mines (discovered 3 exits: [*Mat x2] / *Exi) -10/Exiles (discovered 2 exits: *Min x2) -9/Mines (discovered 2 exits: *Mat x2) -8/Materials (discovered 3 exits: *Fac x3) -7/Factory -7/DSF -6/Factory (discovered 3 exits: *Fac / [*Low] / *Ext) -6/Extension (discovered 2 exits: *Fac / *Cet) -6/Cetus -6/Archives (discovered 3 exits: *Fac / *Hub x2) -6/Hub_04(d) -5/Factory (discovered 3 exits: *Fac x2 / [*Upp]) -5/Upper Caves -5/Upper Caves -5/Warlord -4/Proximity Caves -4/Factory -4/Upper Caves -4/Upper Caves -3/Research (discovered 2 exits: *Res / Qua) History --------- Turn | Location | Event 2 | -11/Junkyard | Met Revision 17 64 | -11/Junkyard | Discovered new exit (range 8) 99 | -11/Junkyard | Entered Materials 224 | -10/Materials | Met 8R-AWN 230 | -10/Materials | Discovered new exit (range 15) 260 | -10/Materials | Discovered new exit (range 16) 280 | -10/Materials | Entered Mines 383 | -10/Mines | Assisted by bots powering up and referring to "LRC-V3" 396 | -10/Mines | Learned location of Storage (-9) 397 | -10/Mines | Discovered new exit (range 11) 412 | -10/Mines | Learned Materials security intel 441 | -10/Mines | Discovered new exit (range 5) 469 | -10/Mines | Deemed a non-threat by the Exiles lab entrance 469 | -10/Mines | Discovered new exit (range 5) 471 | -10/Mines | Entered Exiles 474 | -10/Exiles | Build established: Scavenger-Mutant 477 | -10/Exiles | Discovered new exit (range 14) 500 | -10/Exiles | Welcomed by 8R-AWN 507 | -10/Exiles | Met EX-HEX 525 | -10/Exiles | Met EX-DEC 529 | -10/Exiles | Learned location of Zion (-7) 547 | -10/Exiles | Discovered new exit (range 14) 576 | -10/Exiles | Visited The Gauntlet 636 | -10/Exiles | Learned about 8R-AWN's background 666 | -10/Exiles | Met EX-BIN 675 | -10/Exiles | Aligned with FarCom system 675 | -10/Exiles | Given EX-Vault access code 782 | -10/Exiles | Opened EX-Vault 785 | -10/Exiles | Found Prototype Device 786 | -10/Exiles | Identified Trap Reconfigurator 791 | -10/Exiles | Found Prototype Energy Gun 793 | -10/Exiles | Identified AWS/Thermal 814 | -10/Exiles | Warned to stay clear of 0b10 Research branches 849 | -10/Exiles | Left Exiles lab with Trap Reconfigurator 849 | -10/Exiles | Entered Mines 853 | -9/Mines | Found the Drone Emporium 854 | -9/Mines | Found Prototype Device 855 | -9/Mines | Identified Thief Drone Bay 866 | -9/Mines | Assembled infested the area 889 | -9/Mines | Learned Materials security intel 893 | -9/Mines | Discovered new exit (range 5) 995 | -9/Mines | Received a Rocket Launcher from a helpful Derelict 997 | -9/Mines | Discovered new exit (range 11) 1200 | -9/Mines | Entered Materials 1200 | -8/Materials | Evolved 4 slots: Power x1, Propulsion x1, Utility x1, Weapon x1 1569 | -8/Materials | Lost 3 parts (1p1n1w) 1970 | -8/Materials | Build established: Skirmisher 2030 | -8/Materials | Discovered new exit (range 8) 2234 | -8/Materials | Discovered new exit (range 16) 2330 | -8/Materials | Repaired Hrd. Light Armor Plating 2375 | -8/Materials | Repaired VSS Leg 2427 | -8/Materials | Garrison activated, responded to threat 2597 | -8/Materials | Discovered new exit (range 3) 3200 | -8/Materials | First assault squad dispatched 3624 | -8/Materials | Repaired Hrd. Medium Armor Plating 3721 | -8/Materials | Sterilization system engaged 3721 | -8/Materials | Non-combat units ordered to evacuate 3781 | -8/Materials | Identified exit to Factory 3782 | -8/Materials | Entered Factory 3782 | -7/Factory | Evolved 2 slots: Utility x2 3789 | -7/Factory | Identified exit to DSF 3789 | -7/Factory | Entered DSF 3853 | -7/DSF | Additional patrols routed to DSF 3919 | -7/DSF | Found Prototype Device 3921 | -7/DSF | Identified Active Sensor Suite 3959 | -7/DSF | Discovered new exit (range 15) 4038 | -7/DSF | Identified exit to Factory 4041 | -7/DSF | Entered Factory 4041 | -6/Factory | Evolved 2 slots: Utility x1, Weapon x1 4153 | -6/Factory | Build established: Scavenger-Skirmisher 4178 | -6/Factory | Discovered new exit (range 15) 4279 | -6/Factory | Repaired Cryofiber Web 4319 | -6/Factory | Repaired Hvy. Assault Cannon 5192 | -6/Factory | Discovered new exit (range 16) 5367 | -6/Factory | Identified exit to Extension 5987 | -6/Factory | Discovered new exit (range 9) 6663 | -6/Factory | Entered Extension 7074 | -6/Extension | Rescued a captive Derelict 7332 | -6/Extension | Rescued a captive Derelict 7335 | -6/Extension | Rescued a captive Derelict 7453 | -6/Extension | Rescued a captive Derelict 7453 | -6/Extension | Rescued a captive Derelict 7574 | -6/Extension | Crushed by falling debris 7638 | -6/Extension | Disrupted transfer network 7701 | -6/Extension | Crushed by falling debris 8038 | -6/Extension | Spotted B-75 Beast 8141 | -6/Extension | Lost 10 parts (2p3n5w) 8321 | -6/Extension | Spotted B-75 Beast 8373 | -6/Extension | Lost 7 parts (2p2n1u2w) 8388 | -6/Extension | Core integrity fell below 50% 8447 | -6/Extension | Lost 7 parts (1p1n2u3w) 8719 | -6/Extension | Build established: Scavenger-Gunner 8754 | -6/Extension | Rescued a captive Derelict 8755 | -6/Extension | Rescued a captive Derelict 8774 | -6/Extension | Rescued a captive Derelict 8774 | -6/Extension | Rescued a captive Derelict 8829 | -6/Extension | Discovered new exit (range 10) 8830 | -6/Extension | Discovered new exit (range 6) 8863 | -6/Extension | Identified exit to Cetus 8868 | -6/Extension | Identified exit to Factory 8873 | -6/Extension | Entered Cetus 8894 | -6/Cetus | Spotted Cetus Guard 8894 | -6/Cetus | Spotted Cetus Guard 8896 | -6/Cetus | Destroyed Cetus Guard 8897 | -6/Cetus | Spotted Cetus Guard 8902 | -6/Cetus | Destroyed Cetus Guard 8903 | -6/Cetus | Spotted Cetus Guard 8912 | -6/Cetus | Destroyed Cetus Guard 9005 | -6/Cetus | Destroyed Cetus Guard 9056 | -6/Cetus | Core integrity fell below 20% 9205 | -6/Cetus | Discovered new exit (range 16) 9261 | -6/Cetus | Spotted Cetus Guard 9293 | -6/Cetus | Entered Archives 9395 | -6/Archives | Unable to access archive contents 9411 | -6/Archives | Unable to access archive contents 9419 | -6/Archives | Discovered exit to Factory (range 16) 9428 | -6/Archives | Unable to access archive contents 9435 | -6/Archives | Discovered new exit (range 15) 9444 | -6/Archives | Unable to access archive contents 9444 | -6/Archives | Unable to access archive contents 9451 | -6/Archives | Discovered new exit (range 14) 9655 | -6/Archives | Entered Hub_04(d) 9777 | -6/Hub_04(d) | Garrison activated, responded to threat 9884 | -6/Hub_04(d) | Discovered exit to Factory (range 11) 9899 | -6/Hub_04(d) | Entered Factory 9899 | -5/Factory | Evolved 2 slots: Propulsion x1, Utility x1 10093 | -5/Factory | Discovered new exit (range 16) 10249 | -5/Factory | Spotted B-75 Beast 10723 | -5/Factory | Found Hvy. Reflective Plating 10900 | -5/Factory | Discovered new exit (range 16) 11898 | -5/Factory | Garrison activated, responded to threat 12190 | -5/Factory | Build established: Scavenger-Mutant 12216 | -5/Factory | Discovered new exit (range 8) 12261 | -5/Factory | Lost 3 parts (2u1w) 12529 | -5/Factory | Build established: Scavenger-Gunner 12833 | -5/Factory | Build established: Scavenger-Mutant 13039 | -5/Factory | Entered Upper Caves 13215 | -5/Upper Caves | Attracted the attention of an 0b10 checkpoint 13345 | -5/Upper Caves | Identified exit to Upper Caves 13530 | -5/Upper Caves | Build established: Scavenger-Gunner 13590 | -5/Upper Caves | Lost 6 parts (1p2n3w) 13793 | -5/Upper Caves | Entered another Upper Caves area 13837 | -5/Upper Caves | Attracted the attention of an 0b10 checkpoint 13896 | -5/Upper Caves | Learned location of Warlord (-5) 14262 | -5/Upper Caves | Build established: Hacker-Gunner 14567 | -5/Upper Caves | Discovered new exit (range 4) 14680 | -5/Upper Caves | Entered Warlord 14766 | -5/Warlord | Discovered new exit (range 8) 14872 | -5/Warlord | System corruption cleaned by Quarantine Array 15219 | -5/Warlord | Met Warlord 15244 | -5/Warlord | Warlord's base attacked by MAIN.C 15594 | -5/Warlord | Warlord forces counterattacked 15617 | -5/Warlord | Opened side exit 15672 | -5/Warlord | Entered Proximity Caves 15674 | -4/Proximity Caves | Spotter reported a threat 15675 | -4/Proximity Caves | Spotter reported a threat 15767 | -4/Proximity Caves | Spotter reported a threat 15822 | -4/Proximity Caves | Spotter reported a threat 16041 | -4/Proximity Caves | Attracted the attention of an 0b10 checkpoint 16065 | -4/Proximity Caves | Lost 4 parts (1n2u1w) 16091 | -4/Proximity Caves | Spotter reported a threat 16339 | -4/Proximity Caves | Build established: Mutant 17081 | -4/Proximity Caves | Identified exit to Factory 17133 | -4/Proximity Caves | Build established: Derelict-Tank 17517 | -4/Proximity Caves | Acquired the password to a Derelict Tinkerer's latest research 17544 | -4/Proximity Caves | Found Prototype Special Weapon 17546 | -4/Proximity Caves | Identified Molecular Deconstructor 17630 | -4/Proximity Caves | Entered Factory 17630 | -4/Factory | Evolved 2 slots: Power x1, Weapon x1 17880 | -4/Factory | Search patrols dispatched 17944 | -4/Factory | Build established: Derelict-Mutant 18160 | -4/Factory | Search patrols dispatched 18186 | -4/Factory | Lost 4 parts (1p2u1w) 18285 | -4/Factory | Found Prototype Processor 18292 | -4/Factory | Identified Exp. Signal Interpreter 18380 | -4/Factory | Search patrols dispatched 18524 | -4/Factory | Build established: Scavenger-Gunner 18832 | -4/Factory | Build established: Scavenger-Assassin 18928 | -4/Factory | Crushed by falling debris 19311 | -4/Factory | Discovered new exit (range 6) 19318 | -4/Factory | Identified exit to Upper Caves 19325 | -4/Factory | Entered Upper Caves 19385 | -4/Upper Caves | Learned Research security intel 19551 | -4/Upper Caves | Attracted the attention of an 0b10 checkpoint 19753 | -4/Upper Caves | System corruption reached 10% 20224 | -4/Upper Caves | Discovered new exit (range 6) 20228 | -4/Upper Caves | Identified exit to Upper Caves 20230 | -4/Upper Caves | Entered another Upper Caves area 20231 | -4/Upper Caves | Learned Research non-interactive machine intel 20264 | -4/Upper Caves | Discovered new exit (range 5) 20276 | -4/Upper Caves | Attracted the attention of an 0b10 base 20285 | -4/Upper Caves | Identified exit to Research 20286 | -4/Upper Caves | Entered Research 20286 | -3/Research | Evolved 2 slots: Propulsion x1, Utility x1 20287 | -3/Research | Identified exit to Quarantine 20289 | -3/Research | Loaded intel: 80 non-interactive machine locations 20949 | -3/Research | Discovered new exit (range 9) 20962 | -3/Research | Identified exit to Research 20985 | -3/Research | Found Fusion Bomb Launcher 21053 | -3/Research | Destroyed 8 combat bots 21061 | -3/Research | Lost 5 parts (2p1n1u1w) 21536 | -3/Research | First assault squad dispatched 21673 | -3/Research | System corruption reached 10% 21720 | -3/Research | Lost 13 parts (3p3n4u3w) 21985 | -3/Research | Core integrity fell below 50% 22004 | -3/Research | Core integrity fell below 20% 22015 | -3/Research | Destroyed by G-67 Veteran with Plasma Rifle Last Messages --------------- 21997_ Adv. Target Analyzer destroyed. 21997_ System corrupted by crushing effect (+3). 21997_ System corrupted by crushing effect (+4). 21998_ Slammed into P-80 Master. 22000_ Destabilizing: System corrupted (+2). 22001_ P-80 Master resets G-67 Veteran, system corruption cleaned. 22001_ Slammed into G-67 Veteran. 22001_ Imp. Coolant Injector destroyed. 22002_ Slammed into P-80 Master. 22006_ System corrupted: Energy discharge (-29). 22006_ Slammed into P-80 Master. 22009_ P-80 Master destroyed. 22011_ Acquired Adv. Remote Datajack. 22011_ R-10 Processor collects Imp. Antigrav System. 22012_ R-10 Processor collects Adv. Heat Sink. 22013_ Jacked G-67 Veteran... >>parse_system Reading system data... [Achievement: 20k Club] [Achievement: 30k Club] Map ----- +----------------------------------------------------+ | ######### # # #???????# !%%#???????????? | | # #???????# | =!#???????????? | | ### ## ######### == =#???????????? | | #?# ### ### # % #???????????? | | #?###?## ## %+ %= #???????????? | | ######### #???????### ######% #???????????? | | #?# #?????????# #????# #???????????? | | #?# ########### ##???# #???????????? | | #?# % #???# #???????????? | | !! #?# #???# #???????????? | | ! #?# #???# #???????????? | | ! #?# ^^ #???# #???????????? | | #?###############^ #???#######???????????? | | #??????# #% #?????????????????????? | | #??????# #%% #?????????????????????? | | #######??????# """ %+ % ##########????????????? | | ?????????????# """ # # """ #????????????? | | ?????????????# %"""%%# # """ #????????????? | | ?????????????# %%%%%%%# % # """ #????????????? | | ?????????????# %%%%%%%# %%%# #????????????? | | ?????????????# %%%%%%%#% % # #????????????? | | ?????????????# %=%%% #%%gp# #????????????? | | ?????????????##########Rg%%+ #????????????? | | ??????????????????????#%% %# #????????????? | | ??????????????????????#*=%%# #????????????? | | ??????????????????????#[ @=##########????????????? | | ??????????????????????#%!!!#?????????????????????? | | ??????????????????????# #?????????????????????? | | ?????????????????????## R %#?????????????????????? | | ?????????????########## #?????????????????????? | | ????????????## # #?????????????????????? | | ????????????#" # #?????????????????????? | | ????????????## #% #?????????????????????? | | ?????????????# # #?????????????????????? | | ?????????????# #% #?????????????????????? | | ?????????????# # ###+??????????????????? | | ?????????????# + ???????????? | | ?????????????# # ??????????? | | ?????????????# # ???????????? | | ?????????????########## u ???????????? | | #####?????????????????## ####+######????????????? | | # #####??????????????# #??????????????????????? | | +??????????????# #??????????????????????? | | # #####??????????????? ##?????????????????????? | | ## ##??????????????????? #?????????????????"""??? | | ?# #???????????????????? ?????????????????"""??? | | ?# #???????????????????? ?????""""????????"""??? | | ?# ???????????????????? ?????""""?????????????? | | ?###????????????????????? ?????""""?????????????? | | ????????????????????????? ????""""?????????????? | +----------------------------------------------------+ Best States ------------- Heat Dissipation 96 Coolant Potential 80 Energy Generation 53 Energy Capacity 770 Matter Stores 300 Matter Capacity 300 Sight Range 16 Robot Scan Range 20 Terrain Scan Density 10 Base Temperature (-) 100 EM Shielding 3 Armor Coverage 750 Resistance: KI 20 Resistance: TH 45 Resistance: EX 20 Resistance: EM 45 Resistance: I 20 Resistance: S 20 Resistance: P 20 Core Shielding 30 Evasion (%) 63 Targeting Accuracy 13 Target Analysis 9 Armor Integrity Analysis 30 Recoil Reduction 4 Particle Charging 20 Kinecelleration 30 Offensive Hacking 10 Defensive Hacking 12 Item Schematics ----------------- None Robot Schematics ------------------ None Fabricated ------------ Nothing Alien Tech Used ----------------- None Achievements -------------- 20k Club 30k Club A Powerful Ally? Charge!!! Close Call Dangerous Findings Deconstruction Explorer Hey, That's Mine! I Survived The Infestation I'm Back, Baby! Knowing Is Half The Battle Leap Before You Look Librarian Ooh, Shiny! Prolific Hacker Respectable Loadout Serviceable Loadout Storm Trooper Unlikely Earthworm Challenges ------------ None Game ------ Seed ThiefFusionInitializer Manual? 0 Play Time 06:33:59 Cumulative 18.2 hours Start 2024.01.02 @ 20:28:43 End 2024.01.04 @ 12:34:15 Sessions 7 Manual Loads 0 Difficulty Adventurer Special Mode None Game No. 3 Rogue 0 Adventurer 3 Explorer 0 Win Type - Total 0 Types 0/0/0/0/0/0/0/0/0 Lore% 10 Gallery% 20 Achievement% 18 Wizard Run 0 Options --------- ASCII 0 Keyboard 0 Movement Mouse Keybinds 0 Fullscreen 1 Font 18/SmallcapsGlow Map View 76x50 Tactical HUD 1 Map Filters NONE Filters NONE Steam 1 RUN: a32f8ac4-76d5-4878-a010-796c987de3d9